Avalanche vs Maroons

Created - 28 décembre 2020 at 19:32

Goals
1 2 3 T
Avalanche 0 0 0 0
Maroons 0 2 1 3
Shots
1 2 3 T
Avalanche 8 8 9 25
Maroons 15 7 29 51

1st period

No Goal

Penalties :
No Penalty

2nd period

1. Maroons , John Hayden 1 (Nicolas Aube-Kubel 6, Ethan Prow 2) at 4:32
2. Maroons , Matthew Tkachuk 3 (Pierre-Luc Dubois 10) at 16:15 (PP)

Penalties :
Carl Gunnarsson (MON) for Hooking (Minor) at 1:41, Nino Niederreiter (COL) for Hooking (Minor) at 4:37, Zack Smith (COL) for Roughing (Minor) at 16:11, Brian Dumoulin (COL) for Tripping (Minor) at 17:22

3rd period

3. Maroons , Nicolas Aube-Kubel 1 (Vince Dunn 3, John Hayden 1) at 4:20

Penalties :
Bryan Rust (MON) for Hooking (Minor) at 0:08, Dylan McIlrath (MON) for Hooking (Minor) at 7:04

Goalie Stats

Michael Hutchinson (COL), 48 saves from 51 shots - (0,941), L, 2-2-0, 60:00 minutes
John Gibson (MON), 25 saves from 25 shots - (1,000), W, 5-6-5, 60:00 minutes

Players Stats for Avalanche

Player Name              G  A  P  +/- PIM S  H  SB GA TA FO     MP     PP MP  PK MP  
------------------------------------------------------------------------------------
Andrew Copp              0  0  0  -1  0   1  0  0  1  0  15/28  18:58   2:26   0:00 
Brian Dumoulin           0  0  0  -1  2   0  0  0  0  1  0/0    20:22   1:37   0:00 
Cody Eakin               0  0  0   0  0   0  1  0  0  0  1/6    13:16   0:00   2:01 
Conor Sheary             0  0  0  -1  0   1  2  0  0  0  1/5    10:02   0:00   0:56 
Dan Hamhuis              0  0  0   0  0   1  0  0  0  0  0/0    11:47   0:00   0:00 
Daniel Sprong            0  0  0  -1  0   1  0  0  0  0  0/2     8:48   0:00   0:00 
Ivan Barbashev           0  0  0   0  0   1  1  1  0  0  1/1    12:12   0:00   1:05 
John Klingberg           0  0  0  -1  0   0  1  2  0  0  0/0    24:51   4:20   1:30 
Josh Bailey              0  0  0  -1  0   2  1  0  0  1  0/0    20:15   2:26   1:05 
Josh Leivo               0  0  0   0  0   6  0  0  1  0  0/1    17:24   3:31   0:57 
Keith Yandle             0  0  0  -1  0   2  0  0  1  0  0/0    23:22   1:37   2:32 
Marcus Pettersson        0  0  0   0  0   0  0  2  0  1  0/0    13:32   0:00   1:30 
Mark Giordano            0  0  0  -1  0   1  0  2  0  0  0/0    26:17   4:20   2:32 
Nino Niederreiter        0  0  0  -1  2   4  0  0  1  1  2/2    19:35   2:26   0:00 
Radek Faksa              0  0  0   0  0   1  2  0  0  0  7/13   16:27   3:31   0:00 
Vladislav Namestnikov    0  0  0   0  0   4  1  0  1  0  0/1    16:27   3:31   0:00 
Warren Foegele           0  0  0   0  0   0  0  0  1  0  0/0    10:28   0:00   0:00 
Zack Smith               0  0  0  -1  2   0  1  0  1  0  0/0    11:52   0:00   2:00 

Players Stats for Maroons

Player Name              G  A  P  +/- PIM S  H  SB GA TA FO     MP     PP MP  PK MP  
------------------------------------------------------------------------------------
Bo Horvat                0  0  0   0  0   12 3  1  0  1  18/29  22:37   2:10   2:46 
Bryan Rust               0  0  0   0  2   6  1  0  2  0  1/4    21:39   2:10   1:49 
Cal Clutterbuck          0  0  0   0  0   4  1  0  0  0  1/1    15:06   1:41   0:54 
Carl Gunnarsson          0  0  0   2  2   3  0  1  0  0  0/0    20:08   1:27   1:22 
Dylan McIlrath           0  0  0   0  2   2  6  1  0  3  0/0    26:18   2:35   2:06 
Esa Lindell              0  0  0   0  0   1  2  4  1  1  0/0    27:35   2:35   3:24 
Ethan Prow               0  1  1   0  0   1  0  0  0  0  0/0    13:36   0:00   2:29 
Filip Zadina             0  0  0   0  0   2  0  0  0  0  0/0    10:44   0:11   0:00 
Frederik Gauthier        0  0  0   2  0   4  0  0  0  0  1/3     9:12   0:00   0:00 
Jay Beagle               0  0  0   0  0   1  1  0  0  0  1/1    12:34   0:11   1:17 
John Hayden              1  1  2   2  0   1  1  0  0  0  0/0     9:12   0:00   0:00 
Matthew Tkachuk          1  0  1   0  0   4  0  2  1  0  0/1    15:56   1:41   1:42 
Nick Ritchie             0  0  0   0  0   3  2  0  0  0  0/0    10:44   0:11   0:00 
Nick Schmaltz            0  0  0   0  0   3  0  0  0  1  1/1    19:46   2:10   0:26 
Nicolas Aube-Kubel       1  1  2   2  0   1  1  0  0  0  0/0     9:12   0:00   0:00 
Pierre-Luc Dubois        0  1  1   0  0   2  0  0  0  1  9/19   17:16   1:41   3:00 
Rasmus Sandin            0  0  0   0  0   0  3  0  0  0  0/0    11:05   0:00   0:00 
Vince Dunn               0  1  1   2  0   1  1  3  0  0  0/0    21:20   1:27   2:33 

3 Stars

1 - John Gibson (MON)
2 - Nicolas Aube-Kubel (MON)
3 - John Hayden (MON)

Power Play

Avalanche - 0 on 3 Attempt(s) - 0,00%
Maroons - 1 on 3 Attempt(s) - 33,33%

Penalty Kill

Avalanche - 2 on 3 Attempt(s) - 66,67% - Score 0 goal in Penalty Kill
Maroons - 3 on 3 Attempt(s) - 100,00% - Score 0 goal in Penalty Kill

Team Stat

Avalanche - Hits : 10 - Faceoff Wins : 27 - Blocked Shots : 7 - Penalty Minutes : 6
Maroons - Hits : 22 - Faceoff Wins : 32 - Blocked Shots : 12 - Penalty Minutes : 6

Official

Referees : Kelly Sutherland and Terry Koharski
Linesman : Robb Harrell and Darren Gibbs

Game Notes

No Game Note

Finance

Level 1 -- Attendance: 4879 (81,32%) -- Ticket Income 487 900 $
Level 2 -- Attendance: 4475 (89,50%) -- Ticket Income 268 500 $
Level 3 -- Attendance: 1906 (95,30%) -- Ticket Income 66 710 $
Level 4 -- Attendance: 4000 (100,00%) -- Ticket Income 80 000 $
Luxury Box -- Attendance: 759 (75,90%) -- Ticket Income 151 800 $
Game was played at the Arena de Verdun.
Total Attendance: 16019 (88,99%)
Total Ticket Income: 1 054 910 $
Other Income: 516 906 $
Total Income: 1 571 816 $

Avalanche

5 vs 5 Forward 
   Center                   Left Wing                Right Wing               Time % Phy DF OF 
 1 Andrew Copp              Josh Bailey              Nino Niederreiter        40     0   2  3  
 2 Radek Faksa              Vladislav Namestnikov    Josh Leivo               30     0   2  3  
 3 Cody Eakin               Ivan Barbashev           Warren Foegele           20     1   2  2  
 4 Conor Sheary             Zack Smith               Daniel Sprong            10     2   2  1  

5 vs 5 Defense 
   Defense                  Defense                                           Time % Phy DF OF 
 1 Mark Giordano            John Klingberg                                    40     1   2  2  
 2 Brian Dumoulin           Keith Yandle                                      30     1   2  2  
 3 Marcus Pettersson        Dan Hamhuis                                       20     1   2  2  
 4 Mark Giordano            Keith Yandle                                      10     1   2  2  

PowerPlay Forward 
   Center                   Left Wing                Right Wing               Time % Phy DF OF 
 1 Andrew Copp              Josh Bailey              Nino Niederreiter        60     1   2  2  
 2 Radek Faksa              Vladislav Namestnikov    Josh Leivo               40     1   2  2  

PowerPlay Defense
   Defense                  Defense                                           Time % Phy DF OF 
 1 Mark Giordano            John Klingberg                                    60     0   2  3  
 2 Brian Dumoulin           Keith Yandle                                      40     0   2  3  

Penalty Kill 4 Players Forward 
   Center                   Wing                     Time % Phy DF OF 
 1 Cody Eakin               Zack Smith               60     1   2  2  
 2 Ivan Barbashev           Josh Bailey              40     1   2  2  

Penalty Kill 4 Players Defense
   Defense                  Defense                  Time % Phy DF OF 
 1 Mark Giordano            Keith Yandle             60     1   2  2  
 2 John Klingberg           Marcus Pettersson        40     1   2  2  

Penalty Kill - 3 Players Forward 
   Forward                                           Time % Phy DF OF 
 1 Cody Eakin                                        60     1   4  0  
 2 Zack Smith                                        40     1   4  0  

Penalty Kill - 3 Players Defense
   Defense                  Defense                  Time % Phy DF OF 
 1 Mark Giordano            Brian Dumoulin           60     1   3  1  
 2 Dan Hamhuis              Marcus Pettersson        40     1   3  1  

4 vs 4 Forward 
   Center                   Wing                     Time % Phy DF OF 
 1 Radek Faksa              Vladislav Namestnikov    60     1   2  2  
 2 Andrew Copp              Ivan Barbashev           40     1   2  2  

4 vs 4 Defense
   Defense                  Defense                  Time % Phy DF OF 
 1 Mark Giordano            Brian Dumoulin           60     1   2  2  
 2 John Klingberg           Marcus Pettersson        40     1   2  2  

Last Minutes Offensive
   Center                   Left Wing                Right Wing               Defense                  Defense                  
   Radek Faksa              Andrew Copp              Vladislav Namestnikov    Mark Giordano            John Klingberg           

Last Minutes Defensive
   Center                   Left Wing                Right Wing               Defense                  Defense                  
   Radek Faksa              Ivan Barbashev           Vladislav Namestnikov    Mark Giordano            Brian Dumoulin           

Goaltenders
Starting : Michael Hutchinson       
Backup : Joonas Korpisalo         

Extra Forwards
Normal : Josh Leivo, Ivan Barbashev, Cody Eakin - PP : Warren Foegele, Ivan Barbashev - PK : Cody Eakin
Extra Defensemen
Normal : Brian Dumoulin, Dan Hamhuis, John Klingberg - PP : Brian Dumoulin - PK : Dan Hamhuis, John Klingberg
Penalty Shots
Josh Bailey, Radek Faksa, Andrew Copp, Vladislav Namestnikov, Ivan Barbashev
Custom OT Lines Forwards
Josh Bailey, Radek Faksa, Andrew Copp, Vladislav Namestnikov, Ivan Barbashev, Nino Niederreiter, Josh Leivo, Cody Eakin, Zack Smith, Conor Sheary
Custom OT Lines Defensemen
Mark Giordano, Dan Hamhuis, John Klingberg, Marcus Pettersson, Brian Dumoulin

Scratches
Samuel Blais (Healthy), Matt Roy (Healthy), Cameron Gaunce (Healthy)

Maroons

5 vs 5 Forward 
   Center                   Left Wing                Right Wing               Time % Phy DF OF 
 1 Bo Horvat                Bryan Rust               Nick Schmaltz            40     1   2  2  
 2 Pierre-Luc Dubois        Matthew Tkachuk          Cal Clutterbuck          30     1   2  2  
 3 Jay Beagle               Nick Ritchie             Filip Zadina             20     1   2  2  
 4 Frederik Gauthier        John Hayden              Nicolas Aube-Kubel       10     1   2  2  

5 vs 5 Defense 
   Defense                  Defense                                           Time % Phy DF OF 
 1 Esa Lindell              Dylan McIlrath                                    40     1   2  2  
 2 Carl Gunnarsson          Vince Dunn                                        30     1   2  2  
 3 Rasmus Sandin            Ethan Prow                                        20     1   2  2  
 4 Esa Lindell              Dylan McIlrath                                    10     1   2  2  

PowerPlay Forward 
   Center                   Left Wing                Right Wing               Time % Phy DF OF 
 1 Bo Horvat                Bryan Rust               Nick Schmaltz            60     1   2  2  
 2 Pierre-Luc Dubois        Matthew Tkachuk          Cal Clutterbuck          40     1   2  2  

PowerPlay Defense
   Defense                  Defense                                           Time % Phy DF OF 
 1 Esa Lindell              Dylan McIlrath                                    60     1   2  2  
 2 Carl Gunnarsson          Vince Dunn                                        40     1   2  2  

Penalty Kill 4 Players Forward 
   Center                   Wing                     Time % Phy DF OF 
 1 Bo Horvat                Bryan Rust               60     1   2  2  
 2 Matthew Tkachuk          Pierre-Luc Dubois        40     1   2  2  

Penalty Kill 4 Players Defense
   Defense                  Defense                  Time % Phy DF OF 
 1 Esa Lindell              Dylan McIlrath           60     1   2  2  
 2 Carl Gunnarsson          Vince Dunn               40     1   2  2  

Penalty Kill - 3 Players Forward 
   Forward                                           Time % Phy DF OF 
 1 Bo Horvat                                         60     1   2  2  
 2 Bryan Rust                                        40     1   2  2  

Penalty Kill - 3 Players Defense
   Defense                  Defense                  Time % Phy DF OF 
 1 Esa Lindell              Dylan McIlrath           60     1   2  2  
 2 Carl Gunnarsson          Vince Dunn               40     1   2  2  

4 vs 4 Forward 
   Center                   Wing                     Time % Phy DF OF 
 1 Bo Horvat                Bryan Rust               60     1   2  2  
 2 Matthew Tkachuk          Pierre-Luc Dubois        40     1   2  2  

4 vs 4 Defense
   Defense                  Defense                  Time % Phy DF OF 
 1 Esa Lindell              Dylan McIlrath           60     1   2  2  
 2 Carl Gunnarsson          Vince Dunn               40     1   2  2  

Last Minutes Offensive
   Center                   Left Wing                Right Wing               Defense                  Defense                  
   Bo Horvat                Bryan Rust               Nick Schmaltz            Esa Lindell              Dylan McIlrath           

Last Minutes Defensive
   Center                   Left Wing                Right Wing               Defense                  Defense                  
   Bo Horvat                Bryan Rust               Nick Schmaltz            Esa Lindell              Dylan McIlrath           

Goaltenders
Starting : John Gibson              
Backup : Philippe Desrosiers      

Extra Forwards
Normal : Nick Ritchie, Filip Zadina, Jay Beagle - PP : Nick Ritchie, Filip Zadina - PK : Jay Beagle
Extra Defensemen
Normal : Rasmus Sandin, Ethan Prow, Carl Gunnarsson - PP : Rasmus Sandin - PK : Ethan Prow, Carl Gunnarsson
Penalty Shots
Bo Horvat, Bryan Rust, Matthew Tkachuk, Pierre-Luc Dubois, Nick Schmaltz
Custom OT Lines Forwards
Bo Horvat, Bryan Rust, Matthew Tkachuk, Pierre-Luc Dubois, Nick Schmaltz, Cal Clutterbuck, Nick Ritchie, Filip Zadina, Jay Beagle, Frederik Gauthier
Custom OT Lines Defensemen
Esa Lindell, Dylan McIlrath, Carl Gunnarsson, Vince Dunn, Rasmus Sandin

Scratches
Jacob Trouba (Healthy), Ryan McDonagh (Healthy), Mikko Koskinen (Healthy)

% Time on Ice - Avalanche

Lines # - Real PCT - Wanted PCT - Time Play
Normal Forward
1 - 35% - 40% - 17:37
2 - 26% - 30% - 13:08
3 - 21% - 20% - 10:28
4 - 18% - 10% - 8:48
Normal Defense
1 - 38% - 40% - 18:46
2 - 35% - 30% - 17:33
3 - 24% - 20% - 11:47
4 - 4% - 10% - 1:55
PP Forward
1 - 41% - 60% - 2:26
2 - 59% - 40% - 3:31
PP Defense
1 - 73% - 60% - 4:20
2 - 27% - 40% - 1:37
PK Forward
1 - 73% - 60% - 2:57
2 - 27% - 40% - 1:05
PK Defense
1 - 63% - 60% - 2:32
2 - 37% - 40% - 1:30
PK3 Forward
1 - 0% - 60%
2 - 0% - 40%
PK3 Defense
1 - 0% - 60%
2 - 0% - 40%
44 Forward
1 - 0% - 60%
2 - 0% - 40%
44 Defense
1 - 0% - 60%
2 - 0% - 40%
Last Minute Offensive  - 0:00
Last Minute Defensive  - 0:00
Total
Forward - 60:00
Defense - 60:00

% Time on Ice - Maroons

Lines # - Real PCT - Wanted PCT - Time Play
Normal Forward
1 - 35% - 40% - 17:43
2 - 25% - 30% - 12:33
3 - 21% - 20% - 10:33
4 - 18% - 10% - 9:12
Normal Defense
1 - 40% - 40% - 19:53
2 - 35% - 30% - 17:20
3 - 22% - 20% - 11:05
4 - 3% - 10% - 1:43
PP Forward
1 - 58% - 60% - 2:21
2 - 42% - 40% - 1:41
PP Defense
1 - 64% - 60% - 2:35
2 - 36% - 40% - 1:27
PK Forward
1 - 73% - 60% - 4:20
2 - 27% - 40% - 1:37
PK Defense
1 - 57% - 60% - 3:24
2 - 43% - 40% - 2:33
PK3 Forward
1 - 0% - 60%
2 - 0% - 40%
PK3 Defense
1 - 0% - 60%
2 - 0% - 40%
44 Forward
1 - 0% - 60%
2 - 0% - 40%
44 Defense
1 - 0% - 60%
2 - 0% - 40%
Last Minute Offensive  - 0:00
Last Minute Defensive  - 0:00
Total
Forward - 60:00
Defense - 60:00

Play-by-Play

1st period


0:01 of 1st period - Andrew Copp wins face-off versus Bo Horvat in neutral zone.
0:05 of 1st period - Off-side.
0:06 of 1st period - Bo Horvat wins face-off versus Andrew Copp in neutral zone.
0:23 of 1st period - Off-side.
0:24 of 1st period - Pierre-Luc Dubois wins face-off versus Radek Faksa in neutral zone.
0:27 of 1st period - Wrist shot by Matthew Tkachuk.
0:27 of 1st period - Shot Misses the Net.
0:49 of 1st period - Vladislav Namestnikov is hit by John Hayden and loses puck.
1:40 of 1st period - Snap shot by Bryan Rust.
1:40 of 1st period - Stopped by Michael Hutchinson with a rebound.
1:42 of 1st period - Wrist shot by Esa Lindell.
1:42 of 1st period - Deflect By Brian Dumoulin.
1:42 of 1st period - Stopped by Michael Hutchinson with a rebound.
2:36 of 1st period - Wrist shot by Andrew Copp.
2:36 of 1st period - Shot Hit the Post.
3:00 of 1st period - Snap shot by Bryan Rust.
3:00 of 1st period - Stopped by Michael Hutchinson with a rebound.
4:13 of 1st period - Wrist shot by Conor Sheary.
4:13 of 1st period - Shot Blocked by Esa Lindell.
4:33 of 1st period - Slapshot by Matthew Tkachuk.
4:33 of 1st period - Stopped by Michael Hutchinson with a rebound.
4:49 of 1st period - Andrew Copp is hit by Nick Ritchie and loses puck.
5:12 of 1st period - Snap shot by Ivan Barbashev.
5:12 of 1st period - Deflect By Warren Foegele.
5:12 of 1st period - Shot Misses the Net.
5:12 of 1st period - Puck is out of play.
5:13 of 1st period - Ivan Barbashev wins face-off versus Bryan Rust in Maroons zone.
5:49 of 1st period - Snap shot by Matthew Tkachuk.
5:49 of 1st period - Stopped by Michael Hutchinson with a rebound.
6:01 of 1st period - Carl Gunnarsson is hit by John Klingberg and loses puck.
6:11 of 1st period - Icing by Brian Dumoulin.
6:12 of 1st period - Radek Faksa wins face-off versus Bo Horvat in Avalanche zone.
6:19 of 1st period - Snap shot by Vladislav Namestnikov.
6:19 of 1st period - Shot Blocked by Bo Horvat.
6:43 of 1st period - Slapshot by Josh Leivo.
6:43 of 1st period - Stopped by John Gibson without a rebound.
6:44 of 1st period - Andrew Copp wins face-off versus Pierre-Luc Dubois in Maroons zone.
7:38 of 1st period - Snap shot by Nick Schmaltz.
7:38 of 1st period - Stopped by Michael Hutchinson with a rebound.
8:12 of 1st period - Slapshot by Josh Bailey.
8:12 of 1st period - Shot Blocked by Matthew Tkachuk.
8:32 of 1st period - Wrist shot by Conor Sheary.
8:32 of 1st period - Shot Misses the Net.
8:34 of 1st period - Slapshot by Daniel Sprong.
8:34 of 1st period - Shot Misses the Net.
8:48 of 1st period - Ivan Barbashev is hit by Bryan Rust and loses puck.
9:38 of 1st period - Snap shot by Frederik Gauthier.
9:38 of 1st period - Stopped by Michael Hutchinson without a rebound.
9:39 of 1st period - Radek Faksa wins face-off versus Bo Horvat in Avalanche zone.
9:47 of 1st period - Icing by Dylan McIlrath.
9:48 of 1st period - Bo Horvat wins face-off versus Radek Faksa in Maroons zone.
9:55 of 1st period - Vladislav Namestnikov is hit by Bo Horvat.
9:59 of 1st period - Dylan McIlrath is hit by Radek Faksa and loses puck.
10:18 of 1st period - Snap shot by Bo Horvat.
10:18 of 1st period - Shot Misses the Net.
10:37 of 1st period - Snap shot by Radek Faksa.
10:37 of 1st period - Stopped by John Gibson with a rebound.
11:01 of 1st period - Wrist shot by Josh Leivo.
11:01 of 1st period - Shot Misses the Net.
11:03 of 1st period - Snap shot by Radek Faksa.
11:03 of 1st period - Shot Blocked by Esa Lindell.
11:05 of 1st period - Snap shot by Vladislav Namestnikov.
11:05 of 1st period - Stopped by John Gibson without a rebound.
11:06 of 1st period - Pierre-Luc Dubois wins face-off versus Andrew Copp in Maroons zone.
11:10 of 1st period - Off-side.
11:11 of 1st period - Andrew Copp wins face-off versus Pierre-Luc Dubois in neutral zone.
11:55 of 1st period - Snap shot by Conor Sheary.
11:55 of 1st period - Stopped by John Gibson without a rebound.
11:56 of 1st period - Pierre-Luc Dubois wins face-off versus Daniel Sprong in Maroons zone.
12:00 of 1st period - Icing by Pierre-Luc Dubois.
12:01 of 1st period - Pierre-Luc Dubois wins face-off versus Conor Sheary in Maroons zone.
12:01 of 1st period - Pierre-Luc Dubois is hit by Zack Smith.
12:04 of 1st period - Icing by Matthew Tkachuk.
12:05 of 1st period - Andrew Copp wins face-off versus Pierre-Luc Dubois in Maroons zone.
12:12 of 1st period - Snap shot by Nino Niederreiter.
12:12 of 1st period - Shot Misses the Net.
12:22 of 1st period - Wrist shot by Pierre-Luc Dubois.
12:22 of 1st period - Stopped by Michael Hutchinson without a rebound.
12:23 of 1st period - Bo Horvat wins face-off versus Cody Eakin in Avalanche zone.
12:28 of 1st period - Snap shot by Bo Horvat.
12:28 of 1st period - Stopped by Michael Hutchinson without a rebound.
12:29 of 1st period - Bo Horvat wins face-off versus Cody Eakin in Avalanche zone.
12:32 of 1st period - Snap shot by Bryan Rust.
12:32 of 1st period - Stopped by Michael Hutchinson without a rebound.
12:33 of 1st period - Bo Horvat wins face-off versus Cody Eakin in Avalanche zone.
12:40 of 1st period - Snap shot by Bo Horvat.
12:40 of 1st period - Stopped by Michael Hutchinson without a rebound.
12:41 of 1st period - Bo Horvat wins face-off versus Andrew Copp in Avalanche zone.
12:52 of 1st period - Snap shot by Bo Horvat.
12:52 of 1st period - Shot Blocked by John Klingberg.
12:54 of 1st period - Snap shot by Bo Horvat.
12:54 of 1st period - Stopped by Michael Hutchinson without a rebound.
12:55 of 1st period - Andrew Copp wins face-off versus Pierre-Luc Dubois in Avalanche zone.
14:07 of 1st period - Snap shot by Frederik Gauthier.
14:07 of 1st period - Stopped by Michael Hutchinson without a rebound.
14:08 of 1st period - Pierre-Luc Dubois wins face-off versus Daniel Sprong in Avalanche zone.
14:25 of 1st period - Wrist shot by Conor Sheary.
14:25 of 1st period - Shot Misses the Net.
14:27 of 1st period - Snap shot by Zack Smith.
14:27 of 1st period - Shot Blocked by Dylan McIlrath.
14:29 of 1st period - Snap shot by Daniel Sprong.
14:29 of 1st period - Shot Misses the Net.
14:53 of 1st period - Slapshot by Daniel Sprong.
14:53 of 1st period - Stopped by John Gibson with a rebound.
14:55 of 1st period - Wrist shot by Daniel Sprong.
14:55 of 1st period - Shot Misses the Net.
14:57 of 1st period - Slapshot by Mark Giordano.
14:57 of 1st period - Stopped by John Gibson without a rebound.
14:58 of 1st period - Bo Horvat wins face-off versus Andrew Copp in Maroons zone.
15:32 of 1st period - Snap shot by Ivan Barbashev.
15:32 of 1st period - Shot Blocked by Carl Gunnarsson.
16:28 of 1st period - Mark Giordano is hit by Rasmus Sandin and loses puck.
16:33 of 1st period - Snap shot by Matthew Tkachuk.
16:33 of 1st period - Shot Misses the Net.
16:49 of 1st period - Snap shot by Filip Zadina.
16:49 of 1st period - Shot Blocked by John Klingberg.
16:51 of 1st period - Backhand shot by Nick Ritchie.
16:51 of 1st period - Stopped by Michael Hutchinson with a rebound.
16:53 of 1st period - Snap shot by Jay Beagle.
16:53 of 1st period - Stopped by Michael Hutchinson without a rebound.
16:54 of 1st period - Andrew Copp wins face-off versus Pierre-Luc Dubois in Avalanche zone.
16:54 of 1st period - Andrew Copp is hit by Esa Lindell.
17:03 of 1st period - Matthew Tkachuk is hit by Josh Bailey and loses puck.
18:49 of 1st period - Rasmus Sandin is hit by Radek Faksa and loses puck.
19:30 of 1st period - Josh Bailey is hit by Jay Beagle and loses puck.
19:45 of 1st period - Slapshot by Josh Leivo.
19:45 of 1st period - Stopped by John Gibson without a rebound.
19:46 of 1st period - Radek Faksa wins face-off versus Frederik Gauthier in Maroons zone.
19:47 of 1st period - Wrist shot by Josh Leivo.
19:47 of 1st period - Stopped by John Gibson with a rebound.
19:57 of 1st period - Wrist shot by Vladislav Namestnikov.
19:57 of 1st period - Shot Blocked by Esa Lindell.
Goals for this period are 0 for Avalanche vs 0 for Maroons.
Shots for this period are 8 for Avalanche vs 15 for Maroons.

2nd period


0:01 of 2nd period - Andrew Copp wins face-off versus Bo Horvat in neutral zone.
0:06 of 2nd period - Wrist shot by Nino Niederreiter.
0:06 of 2nd period - Stopped by John Gibson without a rebound.
0:07 of 2nd period - Andrew Copp wins face-off versus Bryan Rust in Maroons zone.
0:20 of 2nd period - Mark Giordano is hit by Dylan McIlrath and loses puck.
0:35 of 2nd period - Wrist shot by Bo Horvat.
0:35 of 2nd period - Stopped by Michael Hutchinson with a rebound.
0:37 of 2nd period - Wrist shot by Dylan McIlrath.
0:37 of 2nd period - Deflect By Bryan Rust.
0:37 of 2nd period - Shot Misses the Net.
0:37 of 2nd period - Puck is out of play.
0:38 of 2nd period - Radek Faksa wins face-off versus Pierre-Luc Dubois in Avalanche zone.
1:11 of 2nd period - Snap shot by Ivan Barbashev.
1:11 of 2nd period - Stopped by John Gibson with a rebound.
1:13 of 2nd period - Wrist shot by Ivan Barbashev.
1:13 of 2nd period - Shot Misses the Net.
1:41 of 2nd period - Minor Penalty to Carl Gunnarsson for Hooking.
1:42 of 2nd period - Bo Horvat wins face-off versus Andrew Copp in Maroons zone.
2:33 of 2nd period - Icing by Radek Faksa.
2:34 of 2nd period - Radek Faksa wins face-off versus Matthew Tkachuk in Avalanche zone.
3:02 of 2nd period - Wrist shot by Vladislav Namestnikov.
3:02 of 2nd period - Shot Misses the Net.
3:16 of 2nd period - Snap shot by Vladislav Namestnikov.
3:16 of 2nd period - Shot Misses the Net.
3:18 of 2nd period - Slapshot by Mark Giordano.
3:18 of 2nd period - Shot Blocked by Matthew Tkachuk.
3:20 of 2nd period - Wrist shot by Josh Leivo.
3:20 of 2nd period - Stopped by John Gibson with a rebound.
3:28 of 2nd period - Snap shot by Josh Leivo.
3:28 of 2nd period - Stopped by John Gibson with a rebound.
3:38 of 2nd period - Slapshot by Vladislav Namestnikov.
3:38 of 2nd period - Stopped by John Gibson with a rebound.
3:41 of 2nd period - Penalty to Carl Gunnarsson is over, Carl Gunnarsson is back on ice.
3:42 of 2nd period - Snap shot by Vladislav Namestnikov.
3:42 of 2nd period - Stopped by John Gibson without a rebound.
3:43 of 2nd period - Andrew Copp wins face-off versus Bo Horvat in Maroons zone.
4:10 of 2nd period - Cody Eakin is hit by Dylan McIlrath.
4:32 of 2nd period - Wrist shot by Nicolas Aube-Kubel.
4:32 of 2nd period - Deflect By John Hayden.
4:32 of 2nd period - Goal by John Hayden - Avalanche : 0 - Maroons : 1.
4:33 of 2nd period - Bo Horvat wins face-off versus Andrew Copp in neutral zone.
4:37 of 2nd period - Minor Penalty to Nino Niederreiter for Hooking.
4:38 of 2nd period - Cody Eakin wins face-off versus Bryan Rust in Avalanche zone.
4:54 of 2nd period - Keith Yandle is hit by Dylan McIlrath.
5:41 of 2nd period - Snap shot by Bo Horvat.
5:41 of 2nd period - Deflect By Nick Schmaltz.
5:41 of 2nd period - Shot Misses the Net.
5:41 of 2nd period - Puck is out of play.
5:42 of 2nd period - Pierre-Luc Dubois wins face-off versus Cody Eakin in Avalanche zone.
6:37 of 2nd period - Penalty to Nino Niederreiter is over, Nino Niederreiter is back on ice.
7:35 of 2nd period - Zack Smith is hit by Nicolas Aube-Kubel and loses puck.
7:41 of 2nd period - Off-side.
7:42 of 2nd period - Bo Horvat wins face-off versus Radek Faksa in neutral zone.
7:55 of 2nd period - Snap shot by Josh Leivo.
7:55 of 2nd period - Shot Misses the Net.
7:57 of 2nd period - Slapshot by Vladislav Namestnikov.
7:57 of 2nd period - Shot Misses the Net.
8:04 of 2nd period - Icing by Bryan Rust.
8:05 of 2nd period - Andrew Copp wins face-off versus Pierre-Luc Dubois in Maroons zone.
8:06 of 2nd period - Wrist shot by Josh Bailey.
8:06 of 2nd period - Stopped by John Gibson with a rebound.
8:12 of 2nd period - Snap shot by Matthew Tkachuk.
8:12 of 2nd period - Shot Blocked by Marcus Pettersson.
8:14 of 2nd period - Slapshot by Cal Clutterbuck.
8:14 of 2nd period - Stopped by Michael Hutchinson with a rebound.
8:22 of 2nd period - Marcus Pettersson is hit by Cal Clutterbuck and loses puck.
8:53 of 2nd period - Josh Bailey is hit by Dylan McIlrath and loses puck.
10:37 of 2nd period - Wrist shot by Nick Ritchie.
10:37 of 2nd period - Shot Misses the Net.
12:03 of 2nd period - Zack Smith is hit by Esa Lindell and loses puck.
12:10 of 2nd period - Frederik Gauthier is hit by Conor Sheary and loses puck.
12:47 of 2nd period - Cal Clutterbuck is hit by Ivan Barbashev.
13:04 of 2nd period - Andrew Copp is hit by Rasmus Sandin and loses puck.
13:17 of 2nd period - Marcus Pettersson is hit by Nick Ritchie and loses puck.
13:32 of 2nd period - Wrist shot by Josh Leivo.
13:32 of 2nd period - Stopped by John Gibson with a rebound.
14:13 of 2nd period - Dylan McIlrath is hit by Conor Sheary.
15:05 of 2nd period - Snap shot by Bo Horvat.
15:05 of 2nd period - Stopped by Michael Hutchinson without a rebound.
15:06 of 2nd period - Pierre-Luc Dubois wins face-off versus Andrew Copp in Avalanche zone.
15:55 of 2nd period - Slapshot by Daniel Sprong.
15:55 of 2nd period - Shot Misses the Net.
16:11 of 2nd period - Minor Penalty to Zack Smith for Roughing.
16:12 of 2nd period - Pierre-Luc Dubois wins face-off versus Josh Leivo in Avalanche zone.
16:15 of 2nd period - Snap shot by Pierre-Luc Dubois.
16:15 of 2nd period - Deflect By Matthew Tkachuk.
16:15 of 2nd period - Goal by Matthew Tkachuk - Avalanche : 0 - Maroons : 2.
16:16 of 2nd period - Bo Horvat wins face-off versus Andrew Copp in neutral zone.
16:19 of 2nd period - Slapshot by Bryan Rust.
16:19 of 2nd period - Stopped by Michael Hutchinson with a rebound.
16:31 of 2nd period - Snap shot by Josh Bailey.
16:31 of 2nd period - Shot Misses the Net.
16:43 of 2nd period - Ethan Prow is hit by Vladislav Namestnikov and loses puck.
17:22 of 2nd period - Minor Penalty to Brian Dumoulin for Tripping.
17:23 of 2nd period - Nick Schmaltz wins face-off versus Cody Eakin in Avalanche zone.
17:39 of 2nd period - Wrist shot by Bo Horvat.
17:39 of 2nd period - Stopped by Michael Hutchinson with a rebound.
17:49 of 2nd period - Keith Yandle is hit by Dylan McIlrath and loses puck.
18:44 of 2nd period - Josh Leivo is hit by Bo Horvat.
19:22 of 2nd period - Penalty to Brian Dumoulin is over, Brian Dumoulin is back on ice.
Goals for this period are 0 for Avalanche vs 2 for Maroons.
Shots for this period are 8 for Avalanche vs 7 for Maroons.

3rd period


0:01 of 3rd period - Nino Niederreiter wins face-off versus Bo Horvat in neutral zone.
0:06 of 3rd period - Slapshot by Nino Niederreiter.
0:06 of 3rd period - Shot Misses the Net.
0:08 of 3rd period - Minor Penalty to Bryan Rust for Hooking.
0:09 of 3rd period - Bo Horvat wins face-off versus Andrew Copp in Maroons zone.
0:24 of 3rd period - Snap shot by Nino Niederreiter.
0:24 of 3rd period - Stopped by John Gibson with a rebound.
2:08 of 3rd period - Penalty to Bryan Rust is over, Bryan Rust is back on ice.
2:12 of 3rd period - Wrist shot by Bo Horvat.
2:12 of 3rd period - Shot Blocked by Ivan Barbashev.
2:38 of 3rd period - Snap shot by Bryan Rust.
2:38 of 3rd period - Deflect By Bo Horvat.
2:38 of 3rd period - Stopped by Michael Hutchinson without a rebound.
2:39 of 3rd period - Frederik Gauthier wins face-off versus Conor Sheary in Avalanche zone.
2:42 of 3rd period - Wrist shot by Frederik Gauthier.
2:42 of 3rd period - Stopped by Michael Hutchinson with a rebound.
3:09 of 3rd period - Marcus Pettersson is hit by Rasmus Sandin and loses puck.
3:24 of 3rd period - Off-side.
3:25 of 3rd period - Nino Niederreiter wins face-off versus Frederik Gauthier in neutral zone.
3:54 of 3rd period - Wrist shot by Josh Bailey.
3:54 of 3rd period - Shot Blocked by Vince Dunn.
4:20 of 3rd period - Wrist shot by Nicolas Aube-Kubel.
4:20 of 3rd period - Goal by Nicolas Aube-Kubel - Avalanche : 0 - Maroons : 3.
4:21 of 3rd period - Bo Horvat wins face-off versus Radek Faksa in neutral zone.
4:24 of 3rd period - Slapshot by Bo Horvat.
4:24 of 3rd period - Stopped by Michael Hutchinson with a rebound.
5:57 of 3rd period - Wrist shot by Vladislav Namestnikov.
5:57 of 3rd period - Stopped by John Gibson without a rebound.
5:58 of 3rd period - Andrew Copp wins face-off versus Bo Horvat in Maroons zone.
6:07 of 3rd period - Wrist shot by Bo Horvat.
6:07 of 3rd period - Deflect By Nick Schmaltz.
6:07 of 3rd period - Shot Blocked by Marcus Pettersson.
6:07 of 3rd period - Puck is out of play.
6:08 of 3rd period - Bo Horvat wins face-off versus Andrew Copp in Avalanche zone.
6:53 of 3rd period - Backhand shot by Keith Yandle.
6:53 of 3rd period - Stopped by John Gibson with a rebound.
6:55 of 3rd period - Wrist shot by Josh Bailey.
6:55 of 3rd period - Stopped by John Gibson with a rebound.
6:57 of 3rd period - Snap shot by Josh Bailey.
6:57 of 3rd period - Shot Blocked by Vince Dunn.
6:59 of 3rd period - Slapshot by Andrew Copp.
6:59 of 3rd period - Deflect By Nino Niederreiter.
6:59 of 3rd period - Shot Blocked by Vince Dunn.
6:59 of 3rd period - Puck is out of play.
7:00 of 3rd period - Radek Faksa wins face-off versus Pierre-Luc Dubois in Maroons zone.
7:04 of 3rd period - Minor Penalty to Dylan McIlrath for Hooking.
7:05 of 3rd period - Radek Faksa wins face-off versus Bo Horvat in Maroons zone.
7:39 of 3rd period - Wrist shot by Andrew Copp.
7:39 of 3rd period - Stopped by John Gibson without a rebound.
7:40 of 3rd period - Bo Horvat wins face-off versus Andrew Copp in Maroons zone.
9:04 of 3rd period - Penalty to Dylan McIlrath is over, Dylan McIlrath is back on ice.
9:29 of 3rd period - Icing by Keith Yandle.
9:30 of 3rd period - Jay Beagle wins face-off versus Conor Sheary in Avalanche zone.
9:36 of 3rd period - Icing by Daniel Sprong.
9:37 of 3rd period - Conor Sheary wins face-off versus Bo Horvat in Avalanche zone.
10:24 of 3rd period - Conor Sheary is hit by Vince Dunn and loses puck.
10:35 of 3rd period - Snap shot by Nicolas Aube-Kubel.
10:35 of 3rd period - Shot Misses the Net.
11:14 of 3rd period - Wrist shot by Bryan Rust.
11:14 of 3rd period - Stopped by Michael Hutchinson with a rebound.
11:16 of 3rd period - Slapshot by Ethan Prow.
11:16 of 3rd period - Stopped by Michael Hutchinson with a rebound.
11:18 of 3rd period - Wrist shot by Bryan Rust.
11:18 of 3rd period - Shot Blocked by Mark Giordano.
11:20 of 3rd period - Slapshot by Ethan Prow.
11:20 of 3rd period - Deflect By Nick Schmaltz.
11:20 of 3rd period - Shot Misses the Net.
11:20 of 3rd period - Puck is out of play.
11:21 of 3rd period - Andrew Copp wins face-off versus Pierre-Luc Dubois in Avalanche zone.
11:28 of 3rd period - Wrist shot by Nino Niederreiter.
11:28 of 3rd period - Stopped by John Gibson with a rebound.
11:46 of 3rd period - Wrist shot by Filip Zadina.
11:46 of 3rd period - Stopped by Michael Hutchinson with a rebound.
11:48 of 3rd period - Wrist shot by Nick Ritchie.
11:48 of 3rd period - Stopped by Michael Hutchinson with a rebound.
11:52 of 3rd period - Slapshot by Filip Zadina.
11:52 of 3rd period - Stopped by Michael Hutchinson with a rebound.
13:05 of 3rd period - Wrist shot by Vince Dunn.
13:05 of 3rd period - Stopped by Michael Hutchinson with a rebound.
13:07 of 3rd period - Slapshot by Frederik Gauthier.
13:07 of 3rd period - Stopped by Michael Hutchinson without a rebound.
13:08 of 3rd period - Bo Horvat wins face-off versus Radek Faksa in Avalanche zone.
13:21 of 3rd period - Slapshot by Bo Horvat.
13:21 of 3rd period - Stopped by Michael Hutchinson with a rebound.
13:23 of 3rd period - Slapshot by Esa Lindell.
13:23 of 3rd period - Deflect By Bo Horvat.
13:23 of 3rd period - Shot Misses the Net.
13:23 of 3rd period - Puck is out of play.
13:24 of 3rd period - Andrew Copp wins face-off versus Pierre-Luc Dubois in Avalanche zone.
13:49 of 3rd period - Bryan Rust is hit by Cody Eakin and loses puck.
13:58 of 3rd period - Snap shot by Ivan Barbashev.
13:58 of 3rd period - Shot Misses the Net.
14:00 of 3rd period - Slapshot by Ivan Barbashev.
14:00 of 3rd period - Shot Blocked by Esa Lindell.
14:02 of 3rd period - Wrist shot by Ivan Barbashev.
14:02 of 3rd period - Shot Misses the Net.
15:23 of 3rd period - Slapshot by Bo Horvat.
15:23 of 3rd period - Stopped by Michael Hutchinson with a rebound.
15:25 of 3rd period - Wrist shot by Bryan Rust.
15:25 of 3rd period - Stopped by Michael Hutchinson with a rebound.
15:27 of 3rd period - Slapshot by Rasmus Sandin.
15:27 of 3rd period - Shot Misses the Net.
15:37 of 3rd period - Wrist shot by Zack Smith.
15:37 of 3rd period - Shot Misses the Net.
15:39 of 3rd period - Slapshot by Dan Hamhuis.
15:39 of 3rd period - Stopped by John Gibson with a rebound.
15:41 of 3rd period - Wrist shot by Conor Sheary.
15:41 of 3rd period - Shot Misses the Net.
15:43 of 3rd period - Slapshot by Marcus Pettersson.
15:43 of 3rd period - Shot Misses the Net.
15:45 of 3rd period - Wrist shot by Daniel Sprong.
15:45 of 3rd period - Shot Misses the Net.
15:47 of 3rd period - Snap shot by Conor Sheary.
15:47 of 3rd period - Shot Misses the Net.
16:31 of 3rd period - Vladislav Namestnikov is hit by Bo Horvat.
16:47 of 3rd period - Josh Bailey is hit by Dylan McIlrath and loses puck.
16:58 of 3rd period - Slapshot by Pierre-Luc Dubois.
16:58 of 3rd period - Shot Misses the Net.
17:00 of 3rd period - Snap shot by Cal Clutterbuck.
17:00 of 3rd period - Stopped by Michael Hutchinson with a rebound.
17:02 of 3rd period - Snap shot by Cal Clutterbuck.
17:02 of 3rd period - Stopped by Michael Hutchinson with a rebound.
17:16 of 3rd period - Snap shot by Keith Yandle.
17:16 of 3rd period - Stopped by John Gibson without a rebound.
17:17 of 3rd period - Bo Horvat wins face-off versus Conor Sheary in Maroons zone.
17:35 of 3rd period - Icing by Bryan Rust.
17:36 of 3rd period - Andrew Copp wins face-off versus Bo Horvat in Maroons zone.
17:39 of 3rd period - Snap shot by Nino Niederreiter.
17:39 of 3rd period - Stopped by John Gibson with a rebound.
17:49 of 3rd period - Snap shot by Bryan Rust.
17:49 of 3rd period - Shot Blocked by Mark Giordano.
17:51 of 3rd period - Slapshot by Vince Dunn.
17:51 of 3rd period - Shot Misses the Net.
17:53 of 3rd period - Slapshot by Carl Gunnarsson.
17:53 of 3rd period - Stopped by Michael Hutchinson with a rebound.
17:55 of 3rd period - Backhand shot by Carl Gunnarsson.
17:55 of 3rd period - Stopped by Michael Hutchinson with a rebound.
17:57 of 3rd period - Slapshot by Vince Dunn.
17:57 of 3rd period - Deflect By Nick Schmaltz.
17:57 of 3rd period - Stopped by Michael Hutchinson with a rebound.
17:59 of 3rd period - Snap shot by Bo Horvat.
17:59 of 3rd period - Deflect By John Klingberg.
17:59 of 3rd period - Stopped by Michael Hutchinson without a rebound.
18:00 of 3rd period - Cal Clutterbuck wins face-off versus Vladislav Namestnikov in Avalanche zone.
18:07 of 3rd period - Snap shot by Pierre-Luc Dubois.
18:07 of 3rd period - Stopped by Michael Hutchinson with a rebound.
18:09 of 3rd period - Slapshot by Cal Clutterbuck.
18:09 of 3rd period - Stopped by Michael Hutchinson with a rebound.
18:11 of 3rd period - Snap shot by Matthew Tkachuk.
18:11 of 3rd period - Shot Misses the Net.
18:13 of 3rd period - Snap shot by Dylan McIlrath.
18:13 of 3rd period - Stopped by Michael Hutchinson with a rebound.
18:15 of 3rd period - Slapshot by Dylan McIlrath.
18:15 of 3rd period - Stopped by Michael Hutchinson with a rebound.
18:34 of 3rd period - Wrist shot by Nick Ritchie.
18:34 of 3rd period - Stopped by Michael Hutchinson with a rebound.
18:44 of 3rd period - Snap shot by Bo Horvat.
18:44 of 3rd period - Stopped by Michael Hutchinson without a rebound.
18:45 of 3rd period - Andrew Copp wins face-off versus Bo Horvat in Avalanche zone.
19:14 of 3rd period - Snap shot by Bo Horvat.
19:14 of 3rd period - Shot Misses the Net.
19:16 of 3rd period - Slapshot by Carl Gunnarsson.
19:16 of 3rd period - Stopped by Michael Hutchinson without a rebound.
19:17 of 3rd period - Pierre-Luc Dubois wins face-off versus Radek Faksa in Avalanche zone.
19:28 of 3rd period - Snap shot by Matthew Tkachuk.
19:28 of 3rd period - Stopped by Michael Hutchinson without a rebound.
19:29 of 3rd period - Bryan Rust wins face-off versus Andrew Copp in Avalanche zone.
19:34 of 3rd period - Backhand shot by Nick Schmaltz.
19:34 of 3rd period - Stopped by Michael Hutchinson without a rebound.
19:35 of 3rd period - Bo Horvat wins face-off versus Andrew Copp in Avalanche zone.
Goals for this period are 0 for Avalanche vs 1 for Maroons.
Shots for this period are 9 for Avalanche vs 29 for Maroons. Output by the SimonT Hockey Simulator (STHS) for Alexandre Lamarre - Original Page W3C HTML5 Valid
Hockey Simulator - Hockey Simulation - Hockey Manager